 Seeded DCSS version 0.29-a0-23-ga79f92ac9c (webtiles) character file.

Game seed: 10429452326490117796 (custom seed)

25 riojii the Magician (level 3, 27/27 HPs)
             Began as a Djinni Air Elementalist on Jan 31, 2022.
             Quit the game on level 1 of the Dungeon.
             The game lasted 00:01:57 (1417 turns).

riojii the Magician (Djinni Air Elementalist)       Turns: 1417, Time: 00:01:58

Health: 27/27      AC:  3    Str:  7    XL:     3   Next: 17%
Gold:   428        EV: 12    Int: 18    God:
                   SH:  0    Dex: 13

rFire   + + .      SeeInvis .   (no weapon)
rCold   x . .      Faith    .   (no shield)
rNeg    . . .      Spirit   .   a - +1 robe
rPois   ∞          Reflect  .   (no helmet)
rElec   .          Harm     .   (no cloak)
rCorr   .          Rampage  .   (no gloves)
Will    .....                   (boots unavailable)
Stlth   ++........              (no amulet)
HPRegen 0.09/turn               (no ring)
MPRegen 0.00/turn               (no ring)

@: flying
A: sickness immunity, fire resistance 2, cold vulnerability 1, float, innate
caster, HP casting, extra vitality 1
a: no special abilities


You were on level 1 of the Dungeon.
You visited 1 branch of the dungeon, and saw 1 of its levels.

You collected 428 gold pieces.

Inventory:

Armour
 a - a +1 robe (worn)
Scrolls
 d - a scroll of teleportation {unknown}
 e - a scroll of brand weapon {unknown}


   Skills:
 * Level 1.2 Fighting
 + Level 0.7 Armour
 + Level 2.5 Dodging
 - Level 1.5 Stealth
 * Level 2.7 Spellcasting


You couldn't memorise any spells.
You knew the following spells:

 Your Spells              Type           Power      Damage    Failure   Level
a - Shock                 Conj/Air       48%        1d6       5%          1
b - Static Discharge      Conj/Air       12%        N/A       9%          2
c - Swiftness             Air            12%        N/A       17%         3
d - Airstrike             Air            6%         N/A       50%         4
e - Sandblast             Erth           24%        2d8       5%          1
Your spell library was empty.

Dungeon Overview and Level Annotations

Branches:
Dungeon (1/15)

Altars:


Innate Abilities, Weirdness & Mutations

You are immune to sickness and miasma.
You are immune to poison.
Your flesh is very heat resistant. (rF++)
You are vulnerable to cold. (rC-)
You float through the air rather than walking.
You learn spells naturally, not from books.
Your magical power is your life essence.
You have superior vitality. (+4 MHP)


Message History

The zap hits the bat.
You kill the bat!
An endoplasm is nearby!
The zap hits the endoplasm.
The endoplasm is heavily wounded.
The endoplasm jiggles.
The zap hits the endoplasm.
The endoplasm is almost dead.
The zap hits the endoplasm.
You kill the endoplasm!
Found 3 boomerangs.
e - a scroll labelled EZORIADGH WEDO
There is a stone staircase leading down here.
A bat comes into view.
The zap misses the bat.
The bat misses you.
The zap hits the bat.
The bat is moderately wounded.
The bat misses you.
The zap misses the bat.
The bat closely misses you.
Casting: Shock (safe; 5% risk of failure)
Confirm with . or Enter, or press ? or * to list all spells.
You miscast Static Discharge.
You are very lightly contaminated with residual magic.
Nothing appears to happen.
The bat hits you.
The zap misses the bat.
The bat hits you but does no damage.
The zap hits the bat.
You kill the bat!
Your magical contamination has completely faded away.
Things that are here:
a +0 pair of boots; 4 boomerangs Done exploring.
Done exploring.
As you read the scroll labelled TIXIMO SUIMON, it crumbles to dust.
It is a scroll of enchant armour.
Your +0 robe glows green for a moment.
This is a scroll of acquirement!
Something appears before you!
You now have 428 gold pieces (gained 417).
Done exploring.
Are you sure you want to abandon this character and quit the game? (Confirm with "yes".)

............+..>...#♣ #......⌠#
# ............#.....##♣
#....#..# #
.##.....##..'....######....##.#
# .##.....##..#8.8##
#..........###
............#####
#............. ............#
#...........#. ##########..#
#####...........#. ♣ ♣♣♣♣♣♣
#..# #................†
##########..#
#@...†.........#.#
.......#.'..#
#......(.......#..
'#####...####
#..............##. .# #####
#.....########.... ## #.....#
#..#. #.....# #.... #######
#.### #.#.. #....


There were no monsters in sight!

Vanquished Creatures
  A ball python (D:1)
  4 bats (D:1)
  3 endoplasms (D:1)
  3 giant cockroaches (D:1)
  A goblin (D:1)
  A hobgoblin (D:1)
  A quokka (D:1)
  A frilled lizard (D:1)
  4 kobolds (D:1)
  3 rats (D:1)
22 creatures vanquished.

Notes
Turn   | Place    | Note
-------+----------+-------------------------------------------
     0 | D:1      | riojii the Djinni Air Elementalist began the quest for the
                  | Orb.
     0 | D:1      | Reached XP level 1. HP: 15/15 MP: 0/0
   280 | D:1      | Reached XP level 2. HP: 17/22 MP: 0/0
   824 | D:1      | Reached skill level 1 in Fighting
  1016 | D:1      | Found a faded altar of an unknown god.
  1076 | D:1      | Reached XP level 3. HP: 25/27 MP: 0/0
  1076 | D:1      | Learned a level 1 spell: Sandblast
  1415 | D:1      | Identified a scroll of acquirement
  1415 | D:1      | Acquired 417 gold pieces
  1417 | D:1      | Quit the game

Illustrated notes

Levels and vault maps discovered:
D:1:      beargit_arrival_diablo_church, layout_basic,
          hellmonk_ecumenical_altar_run_dry

Skill      XL: |  1  2 |
---------------+-------+-----
Fighting       | 1 |  1.2
Armour         | |  0.7
Dodging        | |  2.5
Stealth        | |  1.5
Spellcasting   | |  2.7

Action                   || total
-------------------------++-------
Melee: Unarmed           ||     3
 Cast: Shock             ||    43
       Static Discharge  ||     5
  Use: Scroll            ||     2
Armor: Robe              ||     7
Dodge: Dodged            ||     9

Table legend: (Time is in decaauts)
 A = Elapsed time spent in this place.
 B = Non-inter-level travel time spent in this place.
 C = Inter-level travel time spent in this place.
 D = Time resting spent in this place.
 E = Time spent auto-exploring this place.
 F = Levels seen in this place.
 G = Mean time per level.
                   A        B        C        D        E       F      G
               +--------+--------+--------+--------+--------+-----+--------+
         Total |   1417 |   1417 |      0 |     21 |   1294 |   1 | 1417.0 |
       Dungeon |   1417 |   1417 |      0 |     21 |   1294 |   1 | 1417.0 |
               +--------+--------+--------+--------+--------+-----+--------+

Top non-repeatable levels by time:
     D:1: 1417 daAuts
